 Dungeon Crawl Stone Soup version 0.31.0-11-ge490571c62 (webtiles) character file.

Game seed: 3931895506325620734

4774 qw the Markself (level 10, -14/56 HPs)
             Began as a Deep Elf Hunter on Feb 5, 2024.
             Was an Initiate of Okawaru.
             Shot with an arrow by a centaur warrior (23 damage)
             ... on level 9 of the Dungeon.
             The game lasted 00:02:28 (7096 turns).

qw the Markself (Deep Elf Hunter)                   Turns: 7096, Time: 00:02:28

Health: -14/56     AC: 19    Str: 12    XL:     10   Next: 23%
Magic:  12/12      EV: 15    Int: 12    God:    Okawaru [......]
Gold:   345        SH:  0    Dex: 24    Spells: 9/9 levels left

rFire   + + +        e - +2 triple crossbow
rCold   . . .        (shield currently unavailable)
rNeg    . . .        u - +5 ring mail of Ornamental Happiness {+Inv rF+++ rCorr Int-3}
rPois   .            (no helmet)
rElec   .            o - +2 cloak
rCorr   +            m - +0 pair of gloves
SInv    .            j - +0 pair of boots
Will    +....        (no amulet)
Stlth   ++           s - +6 ring of dexterity
HPRegen 0.29/turn    n - +4 ring of protection
MPRegen 0.13/turn

%: no passive effects
@: no status effects
A: no striking features
a: Renounce Religion, Evoke Invisibility


You were on level 9 of the Dungeon.
You worshipped Okawaru.
Okawaru was noncommittal.
You visited 2 branches of the dungeon, and saw 10 of its levels.
You also visited: Sewer.

You collected 420 gold pieces.
You spent 75 gold pieces at shops.


   Skills:
 - Level 4.0 Fighting
 + Level 17.1 Ranged Weapons
 - Level 2.1 Armour
 - Level 7.1 Dodging
 - Level 1.2 Stealth


You had 9 spell levels left.
You didn't know any spells.
Your spell library was empty.

Inventory:

Hand Weapons
 e - a +2 triple crossbow (weapon)
Armour
 j - a +0 pair of boots (worn)
 m - a +0 pair of gloves (worn)
 o - a +2 cloak (worn)
 u - the +5 ring mail of Ornamental Happiness (worn) {+Inv rF+++ rCorr Int-3}
   (You found it on level 7 of the Dungeon)

   Int-3:     It affects your intelligence (-3).
   rF+++:     It renders you almost immune to fire.
   +Inv:      It lets you turn invisible.
   rCorr:     It protects you from acid and corrosion.
Jewellery
 n - a +4 ring of protection (right hand)
 s - a +6 ring of dexterity (left hand)
Wands
 b - a wand of polymorph (12)
 l - a wand of quicksilver (12)
Scrolls
 c - 3 scrolls of teleportation
 r - 3 scrolls of identify
Potions
 d - 5 potions of curing
 f - 3 potions of might
 g - 5 potions of heal wounds
 h - 4 potions of enlightenment
 p - a potion of mutation
 q - 2 potions of cancellation

Dungeon Overview and Level Annotations

Branches:
Dungeon (9/15)             Temple (1/1) D:6           Sewer (visited)
   Lair: D:8-11         Orc: D:9-12

Altars:
Ashenzari
Cheibriados
Dithmenos
Elyvilon
Fedhas
Gozag
Hepliaklqana
Kikubaaqudgha
Makhleb
Nemelex Xobeh
Okawaru
Qazlal
Ru
Sif Muna
Trog
Uskayaw
Vehumet
Wu Jian
Xom
Yredelemnul
Zin
The Shining One

Shops:
D:3 *

Annotations:
D:7 3 runed translucent doors, qw's ghost, amateur DjHu
D:8 3 runed translucent doors, qw's ghost, novice SpHu


Message History

Things that are here:
a +0 trident; a +0 chain mail You shoot a bolt.
The bolt hits the orc!
You kill the orc!
Okawaru accepts your kill.
You see here the Papyrus of Planar Glaciation.
An orc comes into view. It is wielding a +0 falchion.
You shoot a bolt. The orc shouts!
The bolt hits the orc!
You kill the orc!
Okawaru accepts your kill.
You hear a splash.
A centaur warrior comes into view. It is wielding a +0 hand axe.
You shoot a bolt. The centaur warrior shouts!
The bolt hits the centaur warrior.
The centaur warrior is lightly wounded.
The centaur warrior unwields a +0 hand axe.
The centaur warrior wields a +0 shortbow.
The centaur warrior shoots an arrow.
The arrow misses you.
The centaur warrior shoots an arrow.
The arrow barely misses you.
You shoot a bolt. The bolt hits the centaur warrior!!
The centaur warrior is heavily wounded.
The centaur warrior shoots an arrow.
The arrow hits you!!
The centaur warrior shoots an arrow.
The arrow hits you!
You hear a shout!
You shoot a bolt. The bolt hits the centaur warrior!!
The centaur warrior is almost dead.
The centaur warrior shoots an arrow.
The arrow hits you!
You shoot a bolt.
The bolt barely misses the centaur warrior.
The centaur warrior shoots an arrow.
The arrow closely misses you.
The centaur warrior shoots an arrow.
The arrow closely misses you.
You shoot a bolt. The bolt hits the centaur warrior!
The centaur warrior is almost dead.
The centaur warrior shoots an arrow.
The arrow hits you!
An orc comes into view. It is wielding a +0 hand axe.
The centaur warrior shoots an arrow.
The arrow hits you!!
You die...

...~~~~~~~~.....
.....~~~~~..........
....~~~~~......~....
.....~~~~~~........~
#...................
#..............c...o
.......))...........
.......).:.......~..
..
........)...@...)~..
....
..#####)######......
#.... #)# .....
#.... #)# .... #....
#.# ...#####.... #.#
.##.....).. #.#
##........ #.#
#........ #.#
#....))).


You could see a centaur warrior and an orc.

Vanquished Creatures
  Pikel (D:6)
  A shadow (D:9)
  4 yaks (D:8)
  A wraith (D:8)
  A steam dragon (D:7)
  A water moccasin (D:7)
  3 sky beasts (D:7)
  2 orc warriors
  3 black bears
  6 ogres
  A centaur (D:9)
  A bullfrog (D:7)
  A brain worm (Sewer)
  2 kobold brigands (D:8)
  14 wights
  A bombardier beetle (D:7)
  A gnoll bouda (D:4)
  4 hounds
  6 orc priests
  3 iguanas
  6 orc wizards
  2 sleepcaps
  6 adders
  8 gnolls
  3 river rats (Sewer)
  3 shadow imps
  2 ribbon worms
  5 dart slugs
  23 orcs
  14 ball pythons
  2 endoplasms (D:3)
  6 giant cockroaches
  9 hobgoblins
  5 jackals
  4 quokkas
  10 bats
  8 frilled lizards
  6 goblins
  14 kobolds
  7 rats
200 creatures vanquished.

Notes
Turn   | Place    | Note
-------+----------+-------------------------------------------
     0 | D:1      | qw the Deep Elf Hunter began the quest for the Orb.
     0 | D:1      | Reached XP level 1. HP: 12/12 MP: 3/3
     0 | D:1      | 0 ||| qw: Version: 0.3-a-160-g6735b56
     0 | D:1      | 0 ||| qw: Game counter: 6569
     0 | D:1      | 0 ||| qw: Melee chars always use a shield: true
     0 | D:1      | 0 ||| qw: God list: Okawaru
     0 | D:1      | 0 ||| qw: Allow faded altars: false
     0 | D:1      | 0 ||| qw: Do Orc after clearing Dungeon:15 true
     0 | D:1      | 0 ||| qw: Do second Lair branch before Depths: true
     0 | D:1      | 0 ||| qw: Lair rune preference: random
     0 | D:1      | 0 ||| qw: Goals: Normal
     0 | D:1      | 0 ||| PLANNING D:1-11
   148 | D:1      | Found a faded altar of an unknown god.
   336 | D:1      | Reached XP level 2. HP: 16/16 MP: 4/4
   397 | D:1      | Reached skill level 6 in Ranged Weapons
   824 | D:1      | 824 ||| UPGRADING to +0 ring mail.
   834 | D:1      | 834 ||| DROPPING +0 leather armour.
   835 | D:1      | 835 ||| UPGRADING to +0 pair of boots.
   840 | D:1      | 840 ||| READING 4 scrolls labelled KEHOUDI TUEPUS.
   840 | D:1      | 840 ||| IDENTIFYING blue potion
   841 | D:1      | 841 ||| READING 3 scrolls of identify.
   841 | D:1      | 841 ||| IDENTIFYING 2 sapphire potions
   842 | D:1      | 842 ||| READING 2 scrolls of identify.
   842 | D:1      | 842 ||| IDENTIFYING 3 viscous white potions
   843 | D:1      | 843 ||| READING scroll of identify.
   843 | D:1      | 843 ||| IDENTIFYING scroll labelled HESYQIZXOGEM
   844 | D:1      | 844 ||| DROPPING scroll of butterflies.
   845 | D:1      | 845 ||| DROPPING scroll of amnesia.
  1355 | D:2      | 1355 ||| READING 2 scrolls of identify.
  1355 | D:2      | 1355 ||| IDENTIFYING scroll labelled ORAMUA POAGO
  1356 | D:2      | 1356 ||| READING scroll of identify.
  1356 | D:2      | 1356 ||| IDENTIFYING scroll labelled AWIENGAUGG
  1357 | D:2      | 1357 ||| READING 2 scrolls labelled ASHRUY ZINIPRE.
  1362 | D:2      | 1362 ||| READING scroll labelled PITOVA VOACSEU.
  1363 | D:2      | 1363 ||| DROPPING scroll of vulnerability.
  1364 | D:2      | 1364 ||| DROPPING scroll of fog.
  1390 | D:3      | Found Zeoj's Assorted Antiques.
  1438 | D:3      | 1438 ||| SHOPLISTING cloak (112 gold, have 86).
  1438 | D:3      | 1438 ||| SHOPLISTING glowing onyx ring (125 gold, have 86).
  1438 | D:3      | 1438 ||| BUYING potion of curing (75 gold).
  1438 | D:3      | Bought a potion of curing for 75 gold pieces
  1438 | D:3      | 1438 ||| SHOPLISTING worn lead wand (100 gold, have 11).
  1473 | D:3      | Reached XP level 3. HP: 16/20 MP: 5/5
  1802 | D:3      | Reached skill level 7 in Ranged Weapons
  1831 | D:3      | Identified the +1 robe "Decipri" {rN++ Dex-5 Slay+6}
  1833 | D:3      | 1833 ||| SWAPPING to +0 triple crossbow.
  1834 | D:3      | 1834 ||| DROPPING +0 shortbow.
  2106 | D:3      | 2106 ||| DROPPING +1 robe "Decipri" {rN++ Dex-5 Slay+6}.
  2107 | D:3      | 2107 ||| READING scroll labelled CISOEZ LINAC.
  2108 | D:3      | 2108 ||| READING scroll labelled OCINONWIKO.
  2108 | D:3      | 2108 ||| ENCHANTING +0 triple crossbow.
  2110 | D:3      | 2110 ||| Stepping ~*~*~tactically~*~*~ (cloud).
  2110 | D:3      | HP: 4/20 [poisoned by you (poison gas)]
  2111 | D:3      | 2111 ||| DRINKING 4 potions of curing.
  2111 | D:3      | 2111 ||| (to cure poison)
  2228 | D:4      | 2228 ||| PLANNING OSSUARY
  2256 | D:4      | Reached XP level 4. HP: 25/25 MP: 6/6
  2314 | D:4      | Noticed an ogre
  2316 | D:4      | Killed an ogre
  2317 | D:4      | Reached skill level 8 in Ranged Weapons
  2317 | D:4      | Reached XP level 5. HP: 29/29 MP: 7/7
  2454 | D:4      | Reached skill level 9 in Ranged Weapons
  2491 | D:4      | Noticed a black bear
  2495 | D:4      | Killed a black bear
  2496 | D:4      | Reached XP level 6. HP: 29/36 MP: 8/8
  2544 | D:4      | 2544 ||| RETREEEEATING.
  2719 | D:4      | Reached skill level 10 in Ranged Weapons
  2787 | D:4      | 2787 ||| RIP OSSUARY
  2872 | D:4      | 2872 ||| PLANNING D:1-11
  2891 | D:4      | Reached skill level 3 in Dodging
  2891 | D:4      | Reached XP level 7. HP: 16/40 MP: 9/9
  3413 | D:4      | 3413 ||| READING scroll of identify.
  3413 | D:4      | 3413 ||| IDENTIFYING amethyst potion
  3414 | D:4      | 3414 ||| DRINKING 2 pink potions.
  3442 | D:5      | Entered Level 5 of the Dungeon
  3443 | D:5      | 3443 ||| PLANNING SEWER
  3512 | D:5      | Reached skill level 1 in Armour
  3790 | D:5      | Found a glowing drain.
  3791 | D:5      | 3791 ||| UPGRADING to +0 pair of gloves.
  3799 | Sewer    | Entered a sewer
  3953 | Sewer    | Reached skill level 11 in Ranged Weapons
  4351 | Sewer    | 4351 ||| UPGRADING to +2 cloak.
  4356 | Sewer    | 4356 ||| READING scroll of identify.
  4356 | Sewer    | 4356 ||| IDENTIFYING metallic sapphire potion
  4357 | Sewer    | 4357 ||| READING 2 scrolls labelled VAIFIGGUMA.
  4358 | Sewer    | 4358 ||| READING 2 scrolls labelled VOD MELIESIEM.
  4359 | Sewer    | 4359 ||| DROPPING potion of lignification.
  4360 | Sewer    | 4360 ||| DROPPING scroll of revelation.
  4361 | Sewer    | 4361 ||| DROPPING scroll of fear.
  4384 | D:5      | 4384 ||| PLANNING D:1-11
  4493 | D:5      | Found a shadowy altar of Dithmenos.
  4563 | D:5      | 4563 ||| UPGRADING to +4 ring of protection.
  4564 | D:5      | 4564 ||| READING 2 scrolls of identify.
  4564 | D:5      | 4564 ||| IDENTIFYING murky grey potion
  4565 | D:5      | 4565 ||| READING scroll of identify.
  4565 | D:5      | 4565 ||| IDENTIFYING viscous puce potion
  4566 | D:5      | 4566 ||| DROPPING potion of attraction.
  4567 | D:5      | 4567 ||| DROPPING potion of magic.
  4576 | D:6      | Noticed Pikel
  4577 | D:6      | 4577 ||| DRINKING 2 potions of haste.
  4582 | D:6      | Killed Pikel
  4583 | D:6      | Reached skill level 13 in Ranged Weapons
  4583 | D:6      | Reached XP level 8. HP: 45/45 MP: 10/10
  4651 | D:6      | Reached skill level 3 in Fighting
  4739 | D:6      | Found a staircase to the Ecumenical Temple.
  4740 | D:6      | 4740 ||| PLANNING TEMPLE
  4741 | D:6      | 4741 ||| UPGRADING to ring of positive energy.
  4742 | D:6      | 4742 ||| READING scroll labelled ISERHUIMUI.
  4748 | D:6      | Reached skill level 14 in Ranged Weapons
  4767 | Temple   | Entered the Ecumenical Temple
  4768 | Temple   | 4768 ||| PLANNING D:1-11
  5185 | D:7      | 5185 ||| STAIRDANCE
  5201 | D:7      | Reached XP level 9. HP: 40/50 MP: 11/11
  5245 | D:7      | 5245 ||| READING scroll of enchant weapon.
  5245 | D:7      | 5245 ||| ENCHANTING +1 triple crossbow.
  5322 | D:7      | HP: 8/50 [burnt (8)]
  5323 | D:7      | 5323 ||| READING 4 scrolls of teleportation.
  5324 | D:7      | 5324 ||| DRINKING 5 potions of heal wounds.
  5325 | D:7      | 5325 ||| DRINKING 4 potions of heal wounds.
  5330 | D:7      | HP: 10/50 [burnt (4)]
  5464 | D:7      | Reached skill level 15 in Ranged Weapons
  5529 | D:7      | Found a runed translucent gate.
  5529 | D:7      | Found a runed translucent gate.
  5529 | D:7      | Found a runed translucent gate.
  5530 | D:7      | Noticed qw's ghost (amateur DjHu)
  5530 | D:7      | Noticed a spectral unseen horror
  5695 | D:7      | Identified the +5 ring mail of Ornamental Happiness {+Inv
                  | rF+++ rCorr Int-3}
  5805 | D:7      | Identified the +1 short sword of the Spider {flame, Str+6
                  | Dex-5}
  6002 | D:7      | 6002 ||| UPGRADING to +2 scale mail of fire resistance.
  6012 | D:7      | 6012 ||| DROPPING +0 ring mail.
  6013 | D:7      | 6013 ||| UPGRADING to +5 ring mail of Ornamental Happiness
                  | {+Inv rF+++ rCorr Int-3}.
  6023 | D:7      | 6023 ||| DROPPING +2 scale mail of fire resistance.
  6024 | D:7      | 6024 ||| UPGRADING to +6 ring of dexterity.
  6026 | D:7      | 6026 ||| UPGRADING to +4 ring of protection.
  6028 | D:7      | 6028 ||| DROPPING ring of positive energy.
  6029 | D:7      | 6029 ||| READING 4 scrolls of identify.
  6029 | D:7      | 6029 ||| IDENTIFYING 2 cyan potions
  6154 | D:8      | Reached skill level 6 in Dodging
  6387 | D:8      | Found a runed translucent gate.
  6387 | D:8      | Found a runed translucent gate.
  6387 | D:8      | Found a runed translucent gate.
  6391 | D:8      | 6391 ||| RETREEEEATING.
  6392 | D:8      | 6392 ||| RETREEEEATING.
  6392 | D:8      | Noticed qw's ghost (novice SpHu)
  6393 | D:8      | 6393 ||| RETREEEEATING.
  6394 | D:8      | 6394 ||| RETREEEEATING.
  6396 | D:8      | 6396 ||| RETREEEEATING.
  6397 | D:8      | 6397 ||| DRINKING potion of haste.
  6410 | D:8      | Reached skill level 16 in Ranged Weapons
  6416 | D:8      | Reached XP level 10. HP: 27/56 MP: 12/12
  6674 | D:8      | Found a shimmering blue altar of Sif Muna.
  6675 | D:8      | Found a bloodstained altar of Trog.
  6675 | D:8      | Found a broken altar of Ashenzari.
  6675 | D:8      | Found a radiant altar of Vehumet.
  6676 | D:8      | Found an iron altar of Okawaru.
  6676 | D:8      | Found a hide-covered altar of Uskayaw.
  6677 | D:8      | 6677 ||| PLANNING OKAWARU WORSHIP
  6677 | D:8      | Found an ornate altar of the Wu Jian Council.
  6677 | D:8      | Found a stormy altar of Qazlal.
  6677 | D:8      | Found a shimmering altar of Xom.
  6679 | D:8      | Found a glowing silver altar of Zin.
  6679 | D:8      | Found a burning altar of Makhleb.
  6679 | D:8      | Found a blossoming altar of Fedhas.
  6681 | D:8      | Became a worshipper of Warmaster Okawaru
  6682 | D:8      | 6682 ||| PLANNING D:1-11
  6996 | D:9      | 6996 ||| DRINKING 7 potions of curing.
  6996 | D:9      | 6996 ||| (to cure confusion)
  7003 | D:9      | 7003 ||| DRINKING 6 potions of curing.
  7003 | D:9      | 7003 ||| (to cure confusion)
  7077 | D:9      | Reached skill level 17 in Ranged Weapons
  7091 | D:9      | Noticed a centaur warrior
  7096 | D:9      | HP: 9/56 [centaur warrior/arrow (12)]
  7096 | D:9      | Shot with an arrow by a centaur warrior

Levels and vault maps discovered:
D:1:      heliophobic_arrival_battle_scene, layout_basic, basic_ecumenical_altar
D:2:      layout_basic
D:3:      layout_basic, serial_shops, shop, dreamdust_princess_bridge,
          kennysheep_generic_room_7
D:4:      layout_layer_cave, nicolae_ossuary_entry_false_entrances
D:5:      layout_basic, mainiacjoe_overflow_brackets,
          mainiacjoe_sewer_entry_somewhere_in_here_1
D:6:      layout_loops_ring, minmay_temple_entry_wispy, uniq_pikel
D:7:      layout_basic, gammafunk_ghost_necromancy, kennysheep_generic_room_14
D:8:      corexii_shack_village, layout_basic, nicolae_overflows_in_rows,
          gammafunk_ghost_split
D:9:      layout_basic, orc_0_dummy, special_room [special_room_orc]
Temple:   jpeg_temple_island

Skill      XL: |  1  2  3  4  5  6  7  8  9 10 |
---------------+-------------------------------+-----
Ranged Weapons | 6 7 8 9 10 13 14 16 17 | 17.1
Fighting       | 2 3 4 |  4.0
Dodging        | 3 5 7 |  7.1
Armour         | 1 2 |  2.1
Stealth        | |  1.2

Action                     |  1- 3 |  4- 6 |  7- 9 | 10-12 || total
---------------------------+-------+-------+-------+-------++-------
   Fire: Shortbow          |    96 |       |       |       ||    96
         Triple crossbow   |     9 |    48 |   198 |    68 ||   323
    Use: Scroll            |    10 |       |    10 |       ||    20
         Potion            |     1 |       |     5 |     2 ||     8
 Armour: Ring mail         |    31 |    21 |   108 |    48 ||   208
  Dodge: Dodged            |    28 |    12 |    82 |    44 ||   166

Table legend:
 A = Non-vault XP
 B = Vault XP
 C = Vault XP percentage of total XP
 D = Non-vault monster count
 E = Vault monster count
 F = Vault count percentage of total count
                 A         B        C        D         E       F
            +---------+---------+-------+---------+---------+-------
      Total |    5993 |     827 |  12.1 |     154 |      46 |  23.0
            +---------+---------+-------+---------+---------+-------
        D:1 |      21 |       0 |   0.0 |      14 |       0 |   0.0
        D:2 |      11 |       0 |   0.0 |       6 |       0 |   0.0
        D:3 |      29 |      17 |  37.0 |      15 |       3 |  16.7
        D:4 |     712 |       0 |   0.0 |      25 |       0 |   0.0
        D:5 |     226 |       8 |   3.4 |       6 |       6 |  50.0
        D:6 |     746 |     593 |  44.3 |      18 |       1 |   5.3
        D:7 |    1424 |       0 |   0.0 |      18 |       0 |   0.0
        D:8 |    2195 |      13 |   0.6 |      37 |       7 |  15.9
        D:9 |     629 |       0 |   0.0 |      15 |       0 |   0.0
      Sewer |       0 |     196 | 100.0 |       0 |      29 | 100.0
            +---------+---------+-------+---------+---------+-------
